Map: [ESL] Babylon

Players

PtitDrogo

  • Race: Protoss Protoss
  • Spawn Location: 11:00

gumiho - Winner!

  • Race: Terran Terran
  • Spawn Location: 5:00

Event: HomeStory Cup XXIII

VOD

Have the link to the VOD?

Description

Time

  • Played on: July 1, 2023, 7:30 a.m.
  • Length: 6:17

All games in this series

Show
View Real Time Build Order
Export as new Build Order

PtitDrogo Protoss 

Build Orders: 1 Gate Expand, Dark Templar Rush 

Get SALT Encoding   

  12  0:00  Probe  
  13  0:12  Probe  
  14  0:18  Pylon  
  14  0:24  Probe (Chrono Boost)  
  15  0:36  Probe (Chrono Boost)  
  15  0:39  Gateway  
  16  0:45  Probe (Chrono Boost)  
  16  0:47  Assimilator  
  17  0:51  Probe  
  18  1:03  Probe  
  19  1:15  Probe  
  20  1:26  Cybernetics Core  
  20  1:35  Nexus  
  20  1:41  Pylon  
  20  1:44  Probe  
  21  1:52  Assimilator  
  21  1:57  Probe  
  21  1:59  Adept (Chrono Boost)  
  22  2:03  Warp Gate  
  24  2:09  Probe  
  25  2:19  Adept (Chrono Boost)  
  25  2:21  Probe  
  28  2:26  Twilight Council  
  28  2:35  Probe  
  29  2:45  Shield Battery  
  29  2:48  Adept, Probe x2 (Chrono Boost)  
  33  2:57  Robotics Facility  
  33  3:04  Probe (Chrono Boost)  
  35  3:06  Probe (Chrono Boost)  
  36  3:12  Probe (Chrono Boost)  
  36  3:14  Probe (Chrono Boost)  
  36  3:18  Dark Shrine  
  38  3:22  Probe x2 (Chrono Boost)  
  39  3:28  Probe  
  39  3:30  Probe  
  39  3:34  Gateway  
  41  3:39  Gateway  
  42  3:44  Warp Prism (Chrono Boost)  
  43  3:49  Probe  
  43  3:51  Probe  
  43  3:55  Pylon  
  45  4:01  Probe  
  46  4:05  Pylon  
  46  4:13  Stalker, Probe  
  44  4:26  Probe x2  
  44  4:30  Stalker  
  48  4:36  Dark Templar  
  48  4:37  Dark Templar  
  48  4:38  Probe x2  
  54  4:50  Probe x2  
  55  5:02  Probe x2 (Chrono Boost)  
  55  5:14  Probe x2 (Chrono Boost)  
  55  5:20  Assimilator  
  55  5:23  Assimilator, Probe x2 (Chrono Boost)  
  55  5:25  Nexus  
  55  5:26  Pylon  
  57  5:28  Probe x2  
  59  5:35  Shield Battery  
  59  5:37  Stalker  
  59  5:40  Pylon, Probe  
  62  5:44  Probe  
  63  5:51  Forge  
  63  5:52  Stalker x2, Probe  
  66  6:02  Shield Battery  
Show
View Real Time Build Order
Export as new Build Order

gumiho Terran - Winner!

Build Orders: 1/1/1 

Get SALT Encoding   

  12  0:00  SCV  
  13  0:12  SCV  
  14  0:17  Supply Depot  
  14  0:24  SCV  
  15  0:38  SCV  
  15  0:41  Barracks  
  16  0:43  Refinery  
  16  0:50  SCV  
  16  0:53  Refinery  
  17  1:02  SCV  
  18  1:15  SCV  
  19  1:27  Orbital Command  
  19  1:28  Reaper  
  19  1:32  Supply Depot  
  20  1:40  Factory  
  20  1:53  SCV  
  21  2:00  Barracks Reactor  
  21  2:05  SCV  
  22  2:17  SCV  
  22  2:21  Command Center  
  23  2:28  Starport  
  24  2:30  SCV  
  24  2:37  Supply Depot  
  24  2:42  SCV  
  24  2:43  Widow Mine  
  27  2:49  Marine x2  
  29  2:54  SCV  
  30  3:05  Factory Tech Lab  
  30  3:07  Marine x2  
  30  3:08  Medivac  
  30  3:10  SCV  
  35  3:22  SCV  
  35  3:23  Cyclone  
  39  3:33  Marine x2  
  41  3:34  SCV  
  41  3:37  Supply Depot  
  41  3:38  Starport Tech Lab  
  42  3:50  SCV  
  42  3:51  Marine x2  
  42  3:55  Orbital Command  
  45  3:57  Raven  
  45  4:02  SCV  
  48  4:04  Refinery  
  48  4:07  Siege Tank  
  51  4:12  Marine x2  
  53  4:26  SCV x2  
  53  4:29  Marine  
  53  4:30  Marine  
  56  4:32  Supply Depot  
  56  4:34  Raven  
  58  4:42  SCV x2  
  60  4:47  Marine x2  
  60  4:54  SCV x2  
  61  5:05  Marine x2  
  61  5:06  SCV x2  
  59  5:08  Siege Tank  
  62  5:18  SCV x2  
  64  5:23  Marine x2  
  64  5:24  Viking  
  68  5:30  Supply Depot  
  68  5:41  Marine, Reaper  
  72  5:58  SCV x2  
  72  5:59  Marine  
  75  6:05  Supply Depot  
Tags
 
Add a new tag
Caveats
  • Supply blocks, unpowered buildings, or Contaminate may cause inaccurate times.
  • Supply counts are checked every 10 seconds.